 Dungeon Crawl Stone Soup version 0.16.1-16-gc44b35d (webtiles) character file.

91 KarvaRausku the Chopper (level 4, 0/35 HPs)
             Began as a Human Fighter on Apr 16, 2015.
             Killed by nerve-wracking pain
             ... invoked by an orc priest
              (5 damage)
             ... on level 3 of the Dungeon.
             The game lasted 00:02:52 (1717 turns).

KarvaRausku the Chopper (Human Fighter)             Turns: 1717, Time: 00:02:52

Health: 0/35       AC:  6    Str: 17    XL:     4   Next: 88%
Magic:  4/4        EV:  7    Int: 12    God:
Gold:   122        SH:  9    Dex: 12    Spells: 0 memorised, 3 levels left

rFire  . . .     SeeInvis .     a - +0 war axe
rCold  . . .     Clarity  .     b - +0 scale mail
rNeg   . . .     SustAb   .     c - +0 shield
rPois  .         Gourm    .     (no helmet)
rElec  .         Spirit   .     (no cloak)
rCorr  .         Warding  .     (no gloves)
rMut   .         Stasis   .     (no boots)
MR     .....                    (no amulet)
Stlth  ..........               (no ring)
                                h - +3 ring of intelligence

@: not resistant to hostile enchantments, extremely unstealthy
A: no striking features
a: no special abilities


You were on level 3 of the Dungeon.
You were not hungry.

You visited 1 branch of the dungeon, and saw 3 of its levels.

You collected 122 gold pieces.

Inventory:

Hand weapons
 a - a +0 war axe (weapon)
Armour
 b - a +0 scale mail (worn)
 c - a +0 shield (worn)
Jewellery
 h - a +3 ring of intelligence (left hand)
Magical devices
 m - a wand of frost (20)
Scrolls
 f - 2 scrolls of teleportation {unknown}
 j - a scroll of fear {unknown}
 k - a scroll of random uselessness {unknown}
 o - a scroll of identify {unknown}
 q - a scroll of noise {unknown}
Potions
 e - a potion of might
 g - a potion of brilliance {unknown}
 i - 2 potions of degeneration {unknown}
 l - 2 potions of curing {unknown}
 p - a potion of heal wounds {unknown}
 s - a potion of flight {unknown}
Comestibles
 d - 3 bread rations
 n - a meat ration
 r - a chunk of flesh


   Skills:
 - Level 3.0 Fighting
 + Level 4.6 Axes
 - Level 3.0 Armour
 - Level 3.0 Shields


You had 3 spell levels left.
You didn't know any spells.

Dungeon Overview and Level Annotations

Branches:
Dungeon (3/15)

Altars:
Ashenzari
Kikubaaqudgha
Nemelex Xobeh
Ru
Xom
Zin


Message History

You feel a wave of unholy energy pass over you.
The orc wizard hits you with a dagger. The orc completely misses you.
The orc priest mumbles some strange prayers to Beogh against you.
Something smites you!
* * * LOW HITPOINT WARNING * * *
You slash the orc priest!
The orc priest is heavily wounded.
Your shield prevents you from hitting the orc wizard.
The orc wizard hits you but does no damage.
The orc barely misses you. You block the orc priest's attack.
Your shield and scale mail prevent you from hitting the orc priest.
The orc priest is heavily wounded.
You hit the orc wizard.
The orc wizard is lightly wounded.
The orc wizard hits you with a dagger.
* * * LOW HITPOINT WARNING * * *
The orc closely misses you.
The orc priest mumbles some strange prayers to Beogh against you.
Pain shoots through your body!
You die...

♣... ♣...♣ ♣..#
♣.oP♣♣♣..P♣♣♣..#####
.P.P.....P.P.......#####
.......................#
P..PPP...P.P.P.....###.#
♣..P♣♣♣...♣♣♣........#.#
♣..P ♣...♣ ♣..#o#.#.#.#
♣...♣♣♣...♣♣♣P.#.#.#.#.#
.P..P....PPP.P.#@#.#.#.#
...............oo#.#.#.#
.P....PP.P..P..##....#.#####
...♣♣♣..P♣♣♣P.....#.......#
.. ♣P..♣ ♣P...#.#.#.###.#
♣...♣♣♣........#.###.#
P.P...PPP.....#.....#.#
.................#.#.....#
P..........P.......#.#...###


You could see an orc priest, an orc wizard and an orc.

Vanquished Creatures
  An orc priest (D:3)
  Ijyb (D:2)
  A worm (D:2)
  2 giant geckos (D:1)
  4 giant cockroaches (D:2)
  6 goblins
  A hobgoblin (D:2)
  7 jackals (D:2)
  7 kobolds
  A quokka (D:2)
  A ball python (D:1)
  2 bats
  2 giant newts
  5 rats
41 creatures vanquished.

Vanquished Creatures (others)
  A plant (D:3)
1 creature vanquished.

Grand Total: 42 creatures vanquished

Notes
Turn   | Place    | Note
--------------------------------------------------------------
     0 | D:1      | KarvaRausku, the Human Fighter, began the quest for the Orb.
     0 | D:1      | Reached XP level 1. HP: 18/18 MP: 1/1
   221 | D:1      | Reached XP level 2. HP: 21/24 MP: 2/2
   763 | D:2      | Found a glowing silver altar of Zin.
   764 | D:2      | Found an ancient bone altar of Kikubaaqudgha.
   764 | D:2      | Found a sacrificial altar of Ru.
   764 | D:2      | Found a shattered altar of Ashenzari.
   766 | D:2      | Found a shimmering altar of Xom.
   766 | D:2      | Found a sparkling altar of Nemelex Xobeh.
   876 | D:2      | Noticed Ijyb
   885 | D:2      | Reached XP level 3. HP: 15/29 MP: 3/3
   899 | D:2      | HP: 1/29 [Ijyb/dagger (3)]
   900 | D:2      | Killed Ijyb
  1261 | D:2      | Reached XP level 4. HP: 31/35 MP: 4/4
  1267 | D:2      | Reached skill level 4 in Axes
  1717 | D:3      | Killed from afar by an orc priest

Action                   |  1- 3 |  4- 6 || total
-------------------------+-------+-------++-------
Melee: War axe           |    87 |    63 ||   150
  Eat: Chunk             |     1 |     2 ||     3
